 Dungeon Crawl Stone Soup version 0.29.0-4-gdea44cf6ec (webtiles) character file.

Game seed: 17747080816826654630

719 qw the Cleaver (level 7, -2/41 HPs)
             Began as a Tengu Warper on Aug 28, 2022.
             Killed by divine providence
             ... invoked by an orc priest
             ... summoned by an orc
              (8 damage)
             ... on level 5 of the Dungeon.
             The game lasted 00:00:36 (5055 turns).

qw the Cleaver (Tengu Warper)                       Turns: 5055, Time: 00:00:37

Health: -2/41      AC: 10    Str: 13    XL:     7   Next: 70%
Magic:  11/11      EV:  8    Int: 14    God:
Gold:   327        SH:  0    Dex: 19    Spells: 10/10 levels left

rFire   . . .      SeeInvis .   Y - +1 hand axe (vorpal)
rCold   . . .      Faith    .   (no shield)
rNeg    . . .      Spirit   .   j - +0 chain mail
rPois   .          Reflect  .   (helmet restricted)
rElec   .          Harm     .   (no cloak)
rCorr   .          Rampage  .   g - +0 pair of gloves
Will    .....                   (boots unavailable)
Stlth   ..........              b - amulet of regeneration
HPRegen 0.93/turn               k - +6 ring of dexterity
MPRegen 0.12/turn               (no ring)

@: about to teleport, flying quickly and evasively, quick
A: beak, talons 3, nimble flight
a: no special abilities


You were on level 5 of the Dungeon.
You visited 2 branches of the dungeon, and saw 6 of its levels.

You collected 327 gold pieces.


Innate Abilities, Weirdness & Mutations

You have a beak for a mouth.
You have claws for feet.
Your magical nature lets you fly swiftly and evasively.


   Skills:
 - Level 3.1 Fighting
 + Level 8.2 Axes
 - Level 1.0 Throwing
 - Level 3.2 Armour
 - Level 2.1 Dodging
 - Level 2.0 Spellcasting
 - Level 2.4 Translocations


You had 10 spell levels left.
You didn't know any spells.
Your spell library contained the following spells:

 Spells                   Type           Power      Damage    Failure   Level
 Blink                    Tloc           16%        N/A       99%         2
 Gell's Gravitas          Tloc           8%         N/A       100%        3
 Lesser Beckoning         Tloc           8%         N/A       100%        3
 Teleport Other           Tloc           8%         N/A       100%        3
 Manifold Assault         Tloc           8%         N/A       100%        5

Inventory:

Hand Weapons
 m - a +0 morningstar
 Y - a +1 vorpal hand axe (weapon)
Armour
 g - a +0 pair of gloves (worn)
 j - a +0 chain mail (worn)
Jewellery
 b - an amulet of regeneration (around neck)
 k - a +6 ring of dexterity (left hand)
Scrolls
 n - a scroll of identify
Potions
 c - a potion of berserk rage {unknown}
 d - a potion of cancellation {unknown}
 f - a potion of lignification {unknown}
 h - 2 potions of resistance
 i - a potion of heal wounds
 l - a potion of curing {unknown}

Dungeon Overview and Level Annotations

Branches:
Dungeon (5/15)             Temple (1/1) D:4

Altars:
Ashenzari
Dithmenos
Elyvilon
Fedhas
Gozag
Hepliaklqana
Qazlal
Ru
Sif Muna
Trog
Uskayaw
Vehumet
Wu Jian
Xom
Yredelemnul
Zin
The Shining One

Annotations:
D:5 1 runed translucent door


Message History

Your peck misses the orc priest.
The orc priest is heavily wounded.
The orc reads a scroll.
Wisps of shadow swirl around the orc.
The orc priest hits you with a +0 dagger.
You hit the orc priest.
You claw the orc priest, but do no damage.
The orc priest is heavily wounded.
You hit the orc priest.
You hit the orc priest but do no damage.
You hit the orc priest. You hit the orc priest.
Your kick misses the orc priest. Your peck misses the orc priest.
The orc priest is severely wounded.
You hit the orc priest.
You hit the orc priest but do no damage.
You hit the orc priest.
The orc priest hits you but does no damage.
The orc priest calls down the wrath of Beogh upon you.
You struggle to resist.
The orc priest mumbles some strange prayers to Beogh against you.
Beogh smites you!
The orc priest calls upon Beogh to heal the orc priest.
The orc priest is healed somewhat.
You hit the orc priest.
You kill the orc priest!
You hit the orc priest.
You hit the orc priest but do no damage.
You hit the orc priest. The orc priest barely misses you.
The orc priest invokes the aid of Beogh against you.
Beogh smites you!
The orc priest hits you with a +0 hand axe.
5055 ||| READING scroll of teleportation.
As you read the scroll of teleportation, it crumbles to dust.
You feel strangely unstable.
The iguana bites you but does no damage.
The orc priest completely misses you.
The orc priest calls down the wrath of Beogh upon you.
Beogh smites you!
You die...

########...# #.~.#...........#
#.~.#.####......#
#.~.#........######## #
#.~.#......#.........
#.##+######..##########
#....o### ##))#
###o..ooo#####.#
###...#ol@.....).####
########...###########.....###
## #.............##
##.##...###. ..##########%..##
#.).##..... ..# #....#
###.#####.# #.# #....####
#.#####.> ..# #.......#
#.#.>.... #.#
#...#.#.######...#..). #.#
#.....................


You could see an iguana (summoned), 3 orc priests and 3 orcs.

Vanquished Creatures
  A sky beast (D:4)
  A black bear (D:4)
  An ogre (D:4)
  A phantom (D:5)
  A necrophage (D:5)
  An orc priest (D:5)
  3 orc wizards
  Robin (D:3)
  4 gnolls (D:4)
  3 adders
  A white imp (D:5)
  3 worms
  3 dart slugs
  10 orcs
  7 endoplasms
  A giant cockroach (D:3)
  19 goblins
  9 hobgoblins
  6 jackals
  9 kobolds
  A quokka (D:1)
  13 ball pythons
  5 bats
  7 frilled lizards
  3 rats
114 creatures vanquished.

Vanquished Creatures (others)
  2 plants (D:4)
2 creatures vanquished.

Grand Total: 116 creatures vanquished

Notes
Turn   | Place    | Note
-------+----------+-------------------------------------------
     0 | D:1      | qw the Tengu Warper began the quest for the Orb.
     0 | D:1      | Reached XP level 1. HP: 12/12 MP: 4/4
     0 | D:1      | 0 ||| qw: Version: 0.1-a-89-g26bdef1
     0 | D:1      | 0 ||| qw: Game counter: 1404
     0 | D:1      | 0 ||| qw: Always use a shield: true
     0 | D:1      | 0 ||| qw: God list: Okawaru
     0 | D:1      | 0 ||| qw: Allow faded altars: false
     0 | D:1      | 0 ||| qw: Do Orc after D:15 true
     0 | D:1      | 0 ||| qw: Do second Lair branch before Depths: true
     0 | D:1      | 0 ||| qw: Lair rune preference: random
     0 | D:1      | 0 ||| qw: Plans: Normal
     0 | D:1      | 0 ||| PLANNING D:1-11
   169 | D:1      | HP: 3/12 [kobold/+0 whip (4)]
   506 | D:1      | Reached skill level 3 in Axes
   506 | D:1      | Reached XP level 2. HP: 16/17 MP: 6/6
   544 | D:1      | Found a faded altar of an unknown god.
   626 | D:1      | 626 ||| Stepping ~*~*~tactically~*~*~ (stealth).
   627 | D:1      | 627 ||| Stepping ~*~*~tactically~*~*~ (stealth).
   878 | D:1      | 878 ||| Stepping ~*~*~tactically~*~*~ (stealth).
   966 | D:1      | 966 ||| Stepping ~*~*~tactically~*~*~ (stealth).
   968 | D:1      | 968 ||| Stepping ~*~*~tactically~*~*~ (stealth).
   970 | D:1      | 970 ||| Stepping ~*~*~tactically~*~*~ (stealth).
  1006 | D:1      | Reached XP level 3. HP: 21/21 MP: 7/7
  1164 | D:1      | Reached skill level 4 in Axes
  1287 | D:1      | 1287 ||| Stepping ~*~*~tactically~*~*~ (stealth).
  1397 | D:1      | 1397 ||| Stepping ~*~*~tactically~*~*~ (stealth).
  1470 | D:1      | 1470 ||| UPGRADING to +0 ring mail.
  1480 | D:1      | 1480 ||| DROPPING +0 leather armour.
  1481 | D:1      | 1481 ||| READING 3 scrolls labelled QESMARPH NUSTRY.
  1486 | D:1      | 1486 ||| READING scroll labelled BONYCSIUCA.
  1487 | D:1      | 1487 ||| DROPPING scroll of blinking.
  1624 | D:2      | 1624 ||| Stepping ~*~*~tactically~*~*~ (stealth).
  1806 | D:2      | Reached XP level 4. HP: 26/26 MP: 8/8
  1932 | D:2      | 1932 ||| Stepping ~*~*~tactically~*~*~ (stealth).
  1933 | D:2      | 1933 ||| Stepping ~*~*~tactically~*~*~ (stealth).
  2510 | D:2      | 2510 ||| UPGRADING to +0 chain mail.
  2520 | D:2      | 2520 ||| DROPPING +0 ring mail.
  2521 | D:2      | 2521 ||| READING 3 scrolls labelled COFEOM FIQUA.
  2522 | D:2      | 2522 ||| READING scroll labelled PISTRU GINIF.
  2523 | D:2      | 2523 ||| READING 2 scrolls labelled KICOUV ZERCHU.
  2524 | D:2      | 2524 ||| DROPPING 2 scrolls of noise.
  2525 | D:2      | 2525 ||| DROPPING scroll of fog.
  2567 | D:3      | 2567 ||| STAIRDANCE
  2632 | D:3      | Reached skill level 5 in Axes
  2694 | D:3      | 2694 ||| Stepping ~*~*~tactically~*~*~ (stealth).
  2726 | D:3      | Noticed Robin
  2742 | D:3      | Killed Robin
  2781 | D:3      | 2781 ||| FLEEEEING.
  2782 | D:3      | 2782 ||| FLEEEEING.
  2783 | D:3      | 2783 ||| FLEEEEING.
  2784 | D:3      | 2784 ||| FLEEEEING.
  2807 | D:3      | 2807 ||| FLEEEEING.
  2808 | D:3      | 2808 ||| FLEEEEING.
  2809 | D:3      | 2809 ||| FLEEEEING.
  2810 | D:3      | 2810 ||| FLEEEEING.
  2811 | D:3      | 2811 ||| FLEEEEING.
  2812 | D:3      | 2812 ||| FLEEEEING.
  2813 | D:3      | 2813 ||| FLEEEEING.
  2814 | D:3      | 2814 ||| FLEEEEING.
  2817 | D:3      | 2817 ||| FLEEEEING.
  2818 | D:3      | 2818 ||| FLEEEEING.
  2983 | D:3      | 2983 ||| Stepping ~*~*~tactically~*~*~ (stealth).
  3041 | D:3      | Gained mutation: Your magical nature lets you fly swiftly
                  | and evasively. [Tengu growth]
  3041 | D:3      | Reached XP level 5. HP: 24/30 MP: 9/9
  3117 | D:3      | Found a blossoming altar of Fedhas.
  3173 | D:3      | Found a sacrificial altar of Ru.
  3174 | D:3      | 3174 ||| Stepping ~*~*~tactically~*~*~ (stealth).
  3199 | D:3      | 3199 ||| Stepping ~*~*~tactically~*~*~ (stealth).
  3208 | D:3      | Reached skill level 6 in Axes
  3524 | D:3      | 3524 ||| UPGRADING to +0 pair of gloves.
  3529 | D:3      | 3529 ||| UPGRADING to amulet of regeneration.
  3534 | D:3      | 3534 ||| UPGRADING to +6 ring of dexterity.
  3535 | D:3      | 3535 ||| READING scroll labelled DAACRE SETAOBA.
  3536 | D:3      | 3536 ||| READING scroll labelled HIEHYC WINEQEXT.
  3537 | D:3      | 3537 ||| READING 6 scrolls of teleportation.
  3630 | D:4      | 3630 ||| Stepping ~*~*~tactically~*~*~ (stealth).
  3878 | D:4      | Noticed a black bear
  3892 | D:4      | Found a staircase to the Ecumenical Temple.
  3893 | D:4      | 3893 ||| PLANNING TEMPLE
  3893 | D:4      | 3893 ||| READING scroll labelled LATOEC GIBANOG.
  3908 | Temple   | Entered the Ecumenical Temple
  3943 | Temple   | 3943 ||| READING 5 scrolls of teleportation.
  3944 | Temple   | 3944 ||| PLANNING D:1-11
  3988 | D:4      | Killed a black bear
  3989 | D:4      | Reached XP level 6. HP: 14/35 MP: 10/10
  4084 | D:4      | Noticed a sky beast
  4094 | D:4      | Killed a sky beast
  4095 | D:4      | Reached skill level 7 in Axes
  4129 | D:4      | 4129 ||| READING scroll labelled SOIBUE ZOD SOT.
  4130 | D:4      | 4130 ||| DRINKING 2 inky potions.
  4131 | D:4      | 4131 ||| READING 4 scrolls of teleportation.
  4203 | D:4      | 4203 ||| READING 3 scrolls of teleportation.
  4259 | D:4      | Found a glowing silver altar of Zin.
  4273 | D:4      | Reached skill level 3 in Fighting
  4273 | D:4      | Reached XP level 7. HP: 31/41 MP: 11/11
  4317 | D:4      | 4317 ||| Stepping ~*~*~tactically~*~*~ (hiding).
  4377 | D:4      | Found a shimmering blue altar of Sif Muna.
  4629 | D:4      | 4629 ||| READING 2 scrolls labelled ZOSEFOSAYMM.
  4630 | D:4      | 4630 ||| DRINKING 2 viscous black potions.
  4631 | D:4      | 4631 ||| DROPPING scroll of summoning.
  4632 | D:4      | 4632 ||| DROPPING potion of flight.
  4757 | D:4      | 4757 ||| READING 2 scrolls of teleportation.
  4758 | D:4      | 4758 ||| STAIRDANCE
  4796 | D:5      | Entered Level 5 of the Dungeon
  4815 | D:5      | Reached skill level 8 in Axes
  4904 | D:5      | Found a runed translucent door.
  4957 | D:5      | 4957 ||| Stepping ~*~*~tactically~*~*~ (stealth).
  4967 | D:5      | 4967 ||| Stepping ~*~*~tactically~*~*~ (hiding).
  4977 | D:5      | Reached skill level 3 in Armour
  4986 | D:5      | 4986 ||| DROPPING +0 mace.
  5043 | D:5      | Identified the +1 ring mail "Uhiff" {rCorr Str+3}
  5054 | D:5      | HP: 8/41 [orc priest/divine providence[an orc] (9)]
  5055 | D:5      | 5055 ||| READING scroll of teleportation.
  5055 | D:5      | Killed from afar by an orc priest

Levels and vault maps discovered:
D:1:      eino_arrival_druids_welcome, layout_loops_ring,
          ebering_ecumenical_altar_webs, chequers_serial_rivers_room_a
D:2:      layout_basic
D:3:      layout_rooms, nicolae_ru_great_annihilating_truth, fedhas_altar_1,
          st_stairs_3, uniq_robin
D:4:      layout_rooms, zin_statuary, lemuel_tele_altar,
          minmay_temple_entry_gardened_gates, serial_co_window_serial,
          co_window_of_opportunity_a, co_window_corner_a,
          co_window_of_opportunity_a, co_window_paths_a, co_window_paths_a,
          co_window_broadway_b, co_window_broadway_b,
          co_window_of_opportunity_b, co_window_of_opportunity_c,
          co_window_of_opportunity_c, co_window_corner_b, glass_columns_b,
          glass_columns_a, glass_columns_b, glass_columns_b, glass_columns_b,
          minmay_crystal_water
D:5:      layout_rooms, ebering_ghost_reflecting_pool, dk_vineyard_3,
          minivault_5
Temple:   nicolae_temple_god_jail

Skill      XL: |  1  2  3  4  5  6  7 |
---------------+----------------------+-----
Axes           | 3 4 5 6 7 8 |  8.2
Armour         | 2 3 |  3.2
Fighting       | 3 |  3.1
Throwing       | |  1.0
Dodging        | |  2.1
Spellcasting   | |  2.0
Translocations | |  2.4

Action                   |  1- 3 |  4- 6 |  7- 9 || total
-------------------------+-------+-------+-------++-------
Melee: Hand axe          |    98 |   171 |    58 ||   327
       Kick              |    19 |    45 |    15 ||    79
       Peck              |    13 |    20 |    13 ||    46
       Punch             |     1 |     3 |     1 ||     5
Throw: Boomerang         |     7 |       |       ||     7
  Use: Scroll            |     2 |    11 |     3 ||    16
       Potion            |       |     1 |     1 ||     2
 Stab: Invisible         |       |     1 |       ||     1
Armor: Leather armour    |    13 |       |       ||    13
       Ring mail         |     1 |    12 |       ||    13
       Chain mail        |       |    75 |    19 ||    94
Dodge: Dodged            |    45 |    62 |    29 ||   136

Table legend:
 A = Non-vault XP
 B = Vault XP
 C = Vault XP percentage of total XP
 D = Non-vault monster count
 E = Vault monster count
 F = Vault count percentage of total count
                 A         B        C        D         E       F
            +---------+---------+-------+---------+---------+-------
      Total |     927 |     101 |   9.8 |      98 |      16 |  14.0
            +---------+---------+-------+---------+---------+-------
        D:1 |      53 |       0 |   0.0 |      30 |       0 |   0.0
        D:2 |      57 |       0 |   0.0 |      23 |       0 |   0.0
        D:3 |      29 |     101 |  77.7 |      14 |      16 |  53.3
        D:4 |     459 |       0 |   0.0 |      21 |       0 |   0.0
        D:5 |     329 |       0 |   0.0 |      10 |       0 |   0.0
            +---------+---------+-------+---------+---------+-------
